Map: Pride of Altaris LE

Players

htpkBheLLioM

  • Race: Protoss Protoss
  • League: Master
  • Spawn Location: 5:00

Warthog - Winner!

  • Race: Terran Terran
  • League: Master
  • Spawn Location: 11:00

VOD

Have the link to the VOD?

Description

Time

  • Played on: Dec. 15, 2021, 5:43 p.m.
  • Length: 14:26
Show
View Real Time Build Order
Export as new Build Order

htpkBheLLioM Protoss 

Build Orders: 1 Gate Expand, Phoenix Opening 

Get SALT Encoding   

  12  0:00  Probe  
  13  0:12  Probe  
  14  0:18  Pylon  
  14  0:24  Probe (Chrono Boost)  
  15  0:36  Probe (Chrono Boost)  
  15  0:40  Gateway  
  16  0:45  Probe (Chrono Boost)  
  16  0:49  Assimilator  
  17  0:51  Probe  
  18  1:03  Probe  
  19  1:15  Probe  
  20  1:23  Nexus  
  20  1:33  Cybernetics Core  
  20  1:42  Pylon  
  20  1:47  Zealot (Chrono Boost)  
  20  1:50  Probe  
  23  1:59  Assimilator  
  23  2:06  Probe  
  23  2:11  Adept (Chrono Boost), Warp Gate  
  25  2:18  Probe  
  26  2:30  Probe  
  26  2:34  Stargate  
  28  2:44  Probe (Chrono Boost)  
  28  2:47  Probe (Chrono Boost)  
  28  2:49  Adept (Chrono Boost)  
  31  2:54  Probe (Chrono Boost)  
  31  2:57  Probe (Chrono Boost)  
  33  2:59  Probe (Chrono Boost)  
  34  3:06  Probe  
  34  3:11  Probe  
  34  3:12  Adept (Chrono Boost)  
  36  3:18  Probe  
  36  3:19  Phoenix (Chrono Boost)  
  39  3:24  Probe  
  39  3:26  Pylon  
  42  3:31  Probe  
  43  3:39  Probe  
  43  3:41  Phoenix (Chrono Boost)  
  46  3:45  Probe  
  47  3:53  Probe  
  48  3:57  Probe  
  48  3:59  Robotics Facility  
  49  4:04  Nexus  
  49  4:06  Phoenix (Chrono Boost)  
  51  4:10  Probe  
  51  4:13  Probe  
  53  4:22  Probe  
  52  4:26  Gateway  
  52  4:28  Gateway  
  52  4:29  Phoenix (Chrono Boost)  
  53  4:44  Assimilator  
  53  4:45  Pylon  
  53  5:03  Immortal  
  56  5:11  Probe (Chrono Boost)  
  54  5:16  Probe (Chrono Boost)  
  54  5:18  Phoenix  
  56  5:23  Probe (Chrono Boost)  
  56  5:28  Probe (Chrono Boost)  
  59  5:32  Probe x2 (Chrono Boost)  
  61  5:36  Probe (Chrono Boost)  
  61  5:38  Robotics Bay  
  61  5:40  Probe x3 (Chrono Boost)  
  64  5:43  Forge  
  64  5:44  Assimilator  
  64  5:49  Probe, Pylon  
  65  5:50  Probe (Chrono Boost)  
  65  5:51  Probe (Chrono Boost)  
  69  6:07  Probe (Chrono Boost)  
  69  6:08  Probe (Chrono Boost)  
  69  6:23  Colossus (Chrono Boost), Probe  
  69  6:24  Protoss Ground Weapons Level 1 (Chrono Boost)  
  68  6:26  Extended Thermal Lance (Chrono Boost), Probe x2  
  76  6:32  Zealot x2  
  76  6:33  Zealot  
  76  6:35  Probe  
  76  6:38  Pylon  
  83  6:40  Pylon  
  83  6:41  Probe  
  83  6:43  Photon Cannon  
  83  6:45  Probe  
  83  6:46  Shield Battery  
  85  6:48  Pylon  
  85  6:53  Pylon  
  85  6:56  Phoenix, Robotics Facility, Probe  
  84  7:23  Phoenix (Chrono Boost), Probe  
  84  7:27  Probe  
  84  7:28  Probe  
  89  7:30  Forge  
  89  7:35  Twilight Council, Probe  
  96  7:37  Colossus (Chrono Boost), Gateway  
  96  7:39  Probe  
  96  7:40  Assimilator  
  96  7:41  Probe  
  98  7:44  Assimilator  
  98  7:45  Photon Cannon  
  98  7:47  Probe  
  98  7:48  Phoenix (Chrono Boost)  
  101  7:51  Probe  
  101  7:53  Probe  
  101  7:57  Immortal  
  107  7:59  Probe  
  107  8:03  Protoss Air Weapons Level 1  
  107  8:04  Probe  
  107  8:05  Probe  
  110  8:10  Phoenix (Chrono Boost), Zealot, Pylon  
  114  8:16  Nexus, Charge  
  108  8:35  Probe  
  108  8:40  Protoss Ground Armor Level 1 (Chrono Boost)  
  109  8:41  Probe  
  109  8:43  Protoss Ground Weapons Level 2 (Chrono Boost)  
  109  8:47  Phoenix  
  112  8:49  Zealot x2  
  112  8:50  Zealot  
  112  8:53  Probe x2  
  120  9:03  Pylon  
  120  9:05  Observer (Chrono Boost)  
  121  9:18  Pylon  
  121  9:20  Colossus (Chrono Boost)  
  127  9:25  Stargate  
  127  9:33  Observer  
  127  9:42  Probe  
  128  9:49  Disruptor (Chrono Boost)  
  128  9:50  Zealot x4  
  128  9:51  Nexus  
  139  9:52  Pylon  
  139  9:56  Pylon  
  139  9:57  Phoenix  
  141  10:00  Shield Battery  
  141  10:01  Fleet Beacon  
  141  10:02  Shield Battery  
  141  10:03  Photon Cannon, Gateway x2  
  141  10:06  Disruptor (Chrono Boost)  
  141  10:10  Probe  
  145  10:14  Phoenix  
  145  10:16  Observer  
  145  10:17  Pylon  
  145  10:19  Sentry x2  
  151  10:27  Probe  
  151  10:28  Probe x2  
  157  10:31  Disruptor (Chrono Boost)  
  157  10:36  Shield Battery, Photon Cannon  
  157  10:39  Probe  
  158  10:44  Probe  
  158  10:45  Immortal (Chrono Boost)  
  158  10:46  Nexus  
  158  10:48  Pylon  
  163  10:51  Pylon  
  163  10:54  Zealot  
  165  10:58  Pylon  
  165  11:01  Pylon  
  165  11:05  Pylon  
  165  11:10  Pylon  
  154  11:27  Probe  
  147  11:39  Zealot x3  
  145  11:40  Zealot x2  
  145  11:41  Zealot  
  155  11:55  Probe  
  155  11:56  Colossus (Chrono Boost)  
  155  11:57  Phoenix x2  
  141  12:03  Colossus, Probe  
  141  12:04  Probe  
  141  12:08  Zealot x2  
  145  12:11  Probe  
  145  12:12  Zealot x2  
  145  12:13  Zealot  
  146  12:15  Probe  
  146  12:16  Probe  
  148  12:23  Pylon  
  148  12:26  Pylon  
  144  12:41  Probe x2  
  146  12:51  Pylon  
  146  12:57  Nexus  
  140  13:06  Probe  
  141  13:13  Probe  
  141  13:14  Disruptor x2 (Chrono Boost)  
  141  13:16  Photon Cannon  
  141  13:18  Pylon  
  148  13:23  Pylon  
  148  13:25  Phoenix (Chrono Boost)  
  152  13:33  Phoenix (Chrono Boost)  
  151  13:56  Probe  
  151  13:59  Phoenix x2  
  153  14:09  Zealot  
  118  14:10  Zealot x5  
Show
View Real Time Build Order
Export as new Build Order

Warthog Terran - Winner!

Build Orders: Reaper Expand 

Get SALT Encoding   

  12  0:00  SCV  
  13  0:12  SCV  
  14  0:17  Supply Depot  
  14  0:25  SCV  
  15  0:39  SCV  
  15  0:42  Barracks  
  16  0:45  Refinery  
  16  0:51  SCV  
  17  1:03  SCV  
  18  1:15  SCV  
  19  1:28  Orbital Command  
  19  1:29  Reaper  
  20  1:42  Command Center  
  20  1:52  Supply Depot  
  20  1:54  SCV  
  20  2:01  Marine  
  22  2:07  SCV  
  23  2:12  Factory  
  23  2:15  Refinery  
  23  2:19  SCV  
  23  2:21  Barracks Reactor  
  24  2:31  SCV  
  25  2:43  SCV  
  26  2:55  SCV  
  26  2:56  Hellion  
  26  2:58  Starport  
  29  3:01  Marine x2  
  29  3:02  Orbital Command  
  31  3:07  SCV  
  32  3:18  Hellion, Marine  
  32  3:19  Marine  
  37  3:20  SCV  
  37  3:36  Marine x2  
  37  3:38  SCV  
  37  3:39  Hellion  
  37  3:41  SCV  
  43  3:44  Supply Depot, Barracks  
  43  3:46  Medivac  
  45  3:50  SCV  
  46  4:03  Supply Depot  
  46  4:05  SCV x2, Factory Tech Lab  
  46  4:06  Barracks  
  48  4:17  SCV, Marine x2, Starport Tech Lab  
  51  4:26  SCV  
  51  4:29  Supply Depot, SCV  
  51  4:30  Siege Tank  
  56  4:32  Barracks Tech Lab  
  56  4:38  SCV  
  56  4:42  SCV  
  56  4:44  Raven  
  60  4:45  Marine x2  
  60  4:51  SCV  
  63  4:53  Supply Depot  
  63  4:59  SCV  
  61  5:05  SCV  
  59  5:11  SCV  
  59  5:13  Cyclone, Barracks Tech Lab  
  59  5:14  Refinery, Stimpack, Marine x2  
  59  5:15  Marine  
  59  5:17  SCV  
  59  5:20  Refinery, Command Center, Bunker  
  61  5:23  SCV  
  62  5:29  SCV  
  63  5:35  Marine  
  63  5:36  Combat Shield, Marine x2  
  63  5:41  SCV x2  
  63  5:42  Starport Reactor  
  68  5:47  Marine  
  69  5:52  Barracks  
  69  5:53  Barracks, Marine x2  
  69  5:56  SCV x2  
  73  5:57  Engineering Bay  
  73  5:58  Engineering Bay  
  73  5:59  Factory Reactor  
  73  6:10  SCV x2  
  75  6:13  Supply Depot, Marine x2  
  75  6:15  Supply Depot  
  76  6:22  SCV  
  76  6:24  Missile Turret  
  76  6:25  Missile Turret  
  74  6:26  Terran Infantry Weapons Level 1  
  74  6:27  Terran Infantry Armor Level 1  
  74  6:31  Medivac  
  76  6:33  SCV  
  76  6:34  Orbital Command  
  77  6:40  Supply Depot  
  77  6:41  SCV  
  78  6:47  Barracks Reactor, Marine  
  78  6:48  Marauder  
  78  6:50  Armory, Marine  
  78  6:51  Concussive Shells  
  80  7:02  Missile Turret  
  80  7:07  SCV x2  
  81  7:12  Orbital Command  
  81  7:18  Marine x2  
  81  7:19  SCV x2, Marauder  
  87  7:25  Marine  
  87  7:26  Marauder, Marine  
  87  7:28  Supply Depot  
  87  7:29  Missile Turret  
  91  7:30  Medivac, Widow Mine x2  
  91  7:31  SCV  
  91  7:32  SCV  
  99  7:39  SCV  
  99  7:40  Marine  
  99  7:41  Marauder  
  99  7:43  SCV  
  99  7:44  SCV  
  105  7:47  Marine  
  105  7:48  Marauder  
  108  7:53  SCV  
  108  7:54  Marauder, Marine  
  108  7:55  SCV  
  108  7:56  Supply Depot, SCV  
  108  7:58  Marine x2  
  115  7:59  Widow Mine  
  115  8:02  Marauder  
  120  8:11  Marauder, Marine  
  120  8:12  Marine  
  124  8:23  Marine  
  124  8:24  Marauder  
  124  8:25  Marine  
  124  8:26  Marauder  
  130  8:29  Marine  
  130  8:31  Marine  
  132  8:35  Marauder  
  132  8:37  Terran Infantry Armor Level 2, Terran Infantry Weapons Level 2  
  132  8:39  SCV  
  133  8:42  Command Center, Refinery x2  
  133  8:44  Barracks  
  133  8:46  Barracks  
  133  8:58  Supply Depot  
  133  8:59  SCV x2, Widow Mine, Starport, Supply Depot, Marine x2, Marauder  
  141  9:05  Supply Depot  
  141  9:20  SCV x2, Medivac, Widow Mine, Marauder  
  141  9:21  Widow Mine, Marauder x2, Marine x2  
  141  9:22  Supply Depot  
  157  9:26  SCV  
  157  9:29  Supply Depot  
  158  9:31  Marine  
  158  9:32  SCV  
  158  9:33  Barracks  
  158  9:36  Barracks Tech Lab x2  
  158  9:37  Marine  
  159  9:39  Marine  
  159  9:41  Widow Mine, Marauder  
  159  9:43  Marauder  
  159  9:44  Widow Mine, Marauder, Terran Ship Weapons Level 1  
  168  9:46  Starport Reactor  
  168  9:48  Supply Depot  
  168  9:49  Supply Depot  
  168  9:53  Supply Depot  
  168  10:02  Marauder x2, Marine x3  
  168  10:03  Marauder  
  168  10:04  Marine  
  178  10:08  Missile Turret  
  178  10:10  Medivac, Widow Mine  
  178  10:12  Medivac  
  184  10:26  Ghost Academy  
  184  10:29  Planetary Fortress  
  184  10:30  Marine  
  184  10:31  Marauder  
  187  10:56  Marauder, Marine x4  
  193  10:57  Viking x3  
  199  11:08  Marauder  
  190  11:23  Marine  
  190  11:24  Marauder  
  191  11:35  Marine x2  
  191  11:36  Marauder  
  191  11:37  Marauder, Marine  
  191  11:38  Marine, Ghost x2  
  199  11:45  Marauder  
  192  11:48  Viking x3  
  182  12:02  Ghost x2  
  182  12:06  Marauder  
  182  12:07  Marauder x2  
  190  12:14  Marine  
  188  12:21  Barracks Tech Lab  
  183  12:27  Ghost x2  
  183  12:28  Marauder, Marine  
  183  12:29  Command Center  
  185  12:31  Command Center x2, Ghost  
  185  12:32  Marauder  
  185  12:34  Missile Turret  
  185  12:35  Marine  
  185  12:36  Medivac x2  
  191  12:46  Medivac x2  
  191  12:49  Marine, Ghost  
  191  12:50  Marauder  
  200  13:14  Fusion Core  
  200  13:25  Command Center  
  200  13:29  Command Center  
  200  13:30  Command Center  
  200  13:33  Command Center  
Tags
 
Add a new tag
Caveats
  • Supply blocks, unpowered buildings, or Contaminate may cause inaccurate times.
  • Supply counts are checked every 10 seconds.